 Dungeon Crawl Stone Soup version 0.18-a0-921-g28655ce (webtiles) character file.

19 4thArraOfDagon the Ducker (level 2, 0/14 HPs)
             Began as a Felid Wanderer on Dec 27, 2015.
             Was an Initiate of Makhleb.
             Slain by a hound (3 damage)
             ... on level 5 of the Dungeon.
             The game lasted 00:03:48 (904 turns).

4thArraOfDagon the Ducker (Felid Wanderer)           Turns: 904, Time: 00:03:48

Health: 0/14       AC:  1    Str: 10    XL:     2   Next: 55%
Magic:  3/3        EV: 19    Int: 11    God:    Makhleb [......]
Gold:   98         SH:  0    Dex: 15    Spells: 0 memorised, 1 level left
                                        Lives:  0   Deaths: 0

rFire  . . .     SeeInvis +       - Unarmed
rCold  . . .     Gourm    .     (armour unavailable)
rNeg   . . .     Faith    .     (shield unavailable)
rPois  .         Spirit   .     (helmet unavailable)
rElec  .         Dismiss  .     (cloak unavailable)
rCorr  .         Reflect  .     (gloves unavailable)
SustAt .         Harm     .     (boots unavailable)
MR     .....                    (no amulet)
Stlth  +++.......               (no ring)
                                l - ring of wizardry

@: quick, not resistant to hostile enchantments, fairly stealthy
A: no armour, no weapons or thrown items, claws 1, fangs 3, see invisible,
carnivore 3, speed 1, shaggy fur 1, slow metabolism 1, sharp paws
a: Renounce Religion


You were on level 5 of the Dungeon.
You worshipped Makhleb.
Makhleb was noncommittal.
You were very full.

You visited 1 branch of the dungeon, and saw 5 of its levels.

You collected 98 gold pieces.

Inventory:

Jewellery
 e - an uncursed ring of fire
 l - a ring of wizardry (left paw)
Scrolls
 a - a scroll of fear
 d - a scroll of teleportation
 h - a scroll of noise {unknown}
 j - 2 scrolls of remove curse {unknown}
Potions
 b - a potion of berserk rage
 c - a potion of lignification
 g - a potion of haste {unknown}
Comestibles
 f - a meat ration
 i - a slice of pizza


   Skills:
 - Level 3.0 Fighting
 + Level 4.7 Dodging
 * Level 3.1 Stealth
 * Level 1.5 Unarmed Combat
   Level 1.1 Evocations


You had one spell level left.
You didn't know any spells.

Dungeon Overview and Level Annotations

Branches:
Dungeon (5/15)
 Temple: D:4-7

Altars:
Fedhas
Makhleb
Ru
Sif Muna
Xom
Yredelemnul

Annotations:
D:3 George's ghost, amateur GrGl


Innate Abilities, Weirdness & Mutations

You cannot wear armour.
You are incapable of wielding weapons or throwing items.
You have sharp claws.
You have razor-sharp teeth.
You have supernaturally acute eyesight.
You are carnivorous and can eat meat at any time.
You cover ground quickly.
You are covered in fur (AC +1).
You have a slow metabolism.
Your sharp claws are effective at attacking unaware monsters.


Message History

* * * LOW HITPOINT WARNING * * *
You closely miss the hound.
The hound is heavily wounded.
The hound closely misses you. x2
You barely miss the hound. You bite the hound, but do no damage.
The hound is heavily wounded.
The hound closely misses you.
You are too injured to fight recklessly!
You are too injured to fight recklessly!
You scratch the hound. Your bite misses the hound.
The hound is severely wounded.
The hound bites you.
* * * LOW HITPOINT WARNING * * *
The hound closely misses you.
Drink which item? (? for menu, Esc to quit)
Okay, then.
You scratch the hound but do no damage.
The hound is severely wounded.
The hound bites you.
You die...

#### #. ... #. #.#
#.# ##.# #.#
##..###### #.#
####......h.#
..######.'...⌠..@>.#
.........##........#
.#....<...##..######
...##########.# .###
### #######.
........ ########


You could see a hound.

Vanquished Creatures
  An adder zombie (D:5)
  A worm (D:4)
  A bat (D:1)
  A giant cockroach (D:1)
  A hobgoblin (D:3)
  3 kobolds (D:1)
  2 giant newts
  2 goblins (D:1)
  2 rats (D:2)
14 creatures vanquished.

Notes
Turn   | Place    | Note
--------------------------------------------------------------
     0 | D:1      | 4thArraOfDagon the Felid Wanderer began the quest for the Orb.
     0 | D:1      | 4thArraOfDagon set off with: a scroll of fear, a potion of berserk rage, a potion of lignification, a scroll of teleportation, a meat ration
     0 | D:1      | Reached XP level 1. HP: 10/10 MP: 2/2
   349 | D:1      | Reached XP level 2. HP: 11/14 MP: 3/3
   424 | D:1      | 423 turns
   598 | D:3      | Noticed George's ghost (amateur GrGl)
   648 | D:4      | Found a blossoming altar of Fedhas.
   649 | D:4      | Found a deep blue altar of Sif Muna.
   649 | D:4      | Found a burning altar of Makhleb.
   649 | D:4      | Found a shimmering altar of Xom.
   655 | D:4      | Found a basalt altar of Yredelemnul.
   655 | D:4      | Found a sacrificial altar of Ru.
   662 | D:4      | Became a worshipper of Makhleb the Destroyer
   755 | D:5      | Entered Level 5 of the Dungeon
   904 | D:5      | Slain by a hound

Vault maps used:
D:1:      dpeg_arrival_circle_labyrinth_a, minmay_misc_feat_x
D:3:      lemuel_round_altar, minmay_misc_feat_square, uniq_purgy
D:4:      minmay_overflow_temple_hex
D:5:      kennysheep_little_box, first_bread, corexii_item_surrounded_by_moat,
          grunt_ministairs_14, uniq_menkaure

Action                   || total
-------------------------++-------
Melee: Unarmed           ||    51
  Use: Potion            ||     1
 Stab: Sleeping          ||     3
  Eat: Chunk             ||     7
